 Dungeon Crawl Stone Soup version 0.29.1-13-g9f3cf754e1 (webtiles) character file.

Game seed: 13999213964237059707

30 javelincjr the Caller (level 3, 0/19 HPs)
             Began as a Tengu Summoner on Feb 9, 2023.
             Slain by an iguana (8 damage)
             ... on level 2 of the Dungeon.
             The game lasted 00:04:02 (1081 turns).

javelincjr the Caller (Tengu Summoner)              Turns: 1081, Time: 00:04:03

Health: 0/19       AC:  6    Str: 10    XL:     3   Next: 20%
Magic:  5/7        EV: 12    Int: 15    God:
Gold:   85         SH:  0    Dex: 14    Spells: 5/6 levels left

rFire   . . .      SeeInvis .   e - +0 spear
rCold   . . .      Faith    .   (no shield)
rNeg    . . .      Spirit   .   d - +3 leather armour
rPois   .          Reflect  .   (helmet restricted)
rElec   .          Harm     .   (no cloak)
rCorr   .          Rampage  .   (no gloves)
Will    .....                   (boots unavailable)
Stlth   ++........              (no amulet)
HPRegen 0.06/turn               (no ring)
MPRegen 0.10/turn               (no ring)

@: no status effects
A: beak, talons 3
a: no special abilities


You were on level 2 of the Dungeon.
You visited 1 branch of the dungeon, and saw 2 of its levels.

You collected 85 gold pieces.

Inventory:

Hand Weapons
 e - a +0 spear (weapon)
Missiles
 g - 24 stones
Armour
 a - a +0 robe
 d - a +3 leather armour (worn)
Scrolls
 f - a scroll of magic mapping {unknown}
 i - a scroll of vulnerability {unknown}
 j - 3 scrolls of noise {unknown}
 k - a scroll of enchant weapon {unknown}
 l - a scroll of teleportation {unknown}
Potions
 b - a potion of magic
 c - a potion of might {unknown}
 h - a potion of ambrosia {unknown}


   Skills:
 + Level 0.2 Armour
 + Level 2.2 Dodging
 + Level 2.0 Stealth
 + Level 2.2 Spellcasting
 + Level 5.7 Summonings


You had 5 spell levels left.
You knew the following spells:

 Your Spells              Type           Power      Damage    Failure   Level
a - Summon Small Mammal   Summ           76%        N/A       2%          1

Your spell library contained the following spells:

 Spells                   Type           Power      Damage    Failure   Level
 Call Imp                 Summ           19%        N/A       4%          2
 Call Canine Familiar     Summ           19%        N/A       9%          3
 Summon Guardian Golem    Hex/Summ       10%        N/A       26%         3
 Freeze                   Ice            4%         1d3       30%         1
 Frozen Ramparts          Ice            2%         1d1       65%         3
 Summon Lightning Spire   Summ/Air       10%        N/A       65%         4
 Hailstorm                Conj/Ice       1%         3d3       96%         4


Dungeon Overview and Level Annotations

Branches:
Dungeon (2/15)

Altars:


Innate Abilities, Weirdness & Mutations

You have a beak for a mouth.
You have claws for feet.


Message History

An iguana comes into view.
An iguana is nearby!
Your bat disappears in a puff of smoke!
The iguana hisses angrily.
Found a club.
Your bat hits the iguana.
You see here 7 stones.
g - 24 stones (gained 7)
Your bat closely misses the iguana.
You could not reach far enough!
Your quokka misses the iguana. The iguana bites your bat!
Your bat dies!
Your bat's corpse disappears in a puff of smoke!
Your quokka closely misses the iguana.
You reach to attack!
You closely miss the iguana. Your quokka misses the iguana.
You hit the iguana but do no damage. You claw the iguana.
The iguana is moderately wounded.
The iguana bites you!
Your quokka bites the iguana but does no damage.
The iguana closely misses you.
You hit the iguana but do no damage. You claw the iguana, but do no damage.
You peck the iguana, but do no damage.
The iguana is moderately wounded.
Your quokka bites the iguana but does no damage.
Your quokka bites the iguana.
The iguana bites you but does no damage.
You hit the iguana but do no damage. You claw the iguana.
The iguana is heavily wounded.
Your quokka bites the iguana but does no damage.
The iguana closely misses you.
You barely miss the iguana. You claw the iguana, but do no damage.
The iguana is heavily wounded.
Your quokka barely misses the iguana.
The iguana bites you.
You are too injured to fight recklessly!
You are too injured to fight recklessly!
You are too injured to fight recklessly!
Casting: Summon Small Mammal (safe; 2% risk of failure)
Confirm with . or Enter, or press ? or * to list all spells.
Your quokka closely misses the iguana.
The iguana bites you!
You die...

######.#....#####.#####..
#...#.####### #.# #..
###.......... ##.# #..
#.#.#######.##.#####..
#.#####.#.# ....##.##.....
#.........####....##.##.....
####......#.r.....##. #.....
#.......bl...... #.....
#.....##@#####.. #.....
#......#...).# ######
##+###.#..##.# ....# ....#
#####


You could see an iguana (ally target), a friendly quokka (summoned) and a
friendly bat (summoned).

Vanquished Creatures
  A dart slug (D:1)
  A ball python (D:1)
  2 endoplasms (D:2)
  A hobgoblin (D:1)
  A frilled lizard (D:1)
  5 goblins
  A kobold (D:2)
  A rat (D:2)
13 creatures vanquished.

Vanquished Creatures (collateral kills)
  A gnoll (D:1)
  2 endoplasms (D:1)
  A kobold (D:1)
4 creatures vanquished.

Grand Total: 17 creatures vanquished

Notes
Turn   | Place    | Note
-------+----------+-------------------------------------------
     0 | D:1      | javelincjr the Tengu Summoner began the quest for the Orb.
     0 | D:1      | Reached XP level 1. HP: 10/10 MP: 4/4
   173 | D:1      | Reached skill level 5 in Summonings
   173 | D:1      | Reached XP level 2. HP: 13/15 MP: 1/6
   658 | D:1      | Reached XP level 3. HP: 19/19 MP: 4/7
  1081 | D:2      | Slain by an iguana

Illustrated notes

Levels and vault maps discovered:
D:1:      elethiomel_arrival_maze, layout_basic, minmay_tetromino_i2
D:2:      layout_basic

Skill      XL: |  1 |
---------------+----+-----
Summonings     | 5 |  5.7
Armour         | |  0.2
Dodging        | |  2.2
Stealth        | |  2.0
Spellcasting   | |  2.2

Action                   || total
-------------------------++-------
Melee: Spear             ||    37
       Kick              ||    10
       Peck              ||     6
 Cast: Summon Small Mamm ||    26
Armor: Leather armour    ||     5
Dodge: Dodged            ||    13
